 Dungeon Crawl Stone Soup version 0.18.1-6-gd335043 (webtiles) character file.

34997 dvd the Unseen (level 13, -3/66 HPs)
             Began as a Spriggan Enchanter on May 17, 2016.
             Was a High Priest of Sif Muna.
             Killed from afar by a deep elf mage (25 damage)
             ... with a bolt of negative energy
             ... in a volcano on May 18, 2016.
             The game lasted 01:16:08 (17426 turns).

dvd the Unseen (Spriggan Enchanter)                Turns: 17426, Time: 01:16:08

Health: -3/66      AC:  6    Str:  4    XL:     13   Next: 45%
Magic:  19/30      EV: 25    Int: 21    God:    Sif Muna [*****.]
Gold:   1176       SH:  6    Dex: 19    Spells: 6 memorised, 18 levels left

rFire  . . .     SeeInvis +     a - +7 dagger (vamp)
rCold  . . .     Gourm    .     b - +1 robe
rNeg   . . .     Faith    .     O - +0 buckler
rPois  +         Spirit   .     (helmet restricted)
rElec  .         Dismiss  .     e - +2 cloak {MR+}
rCorr  .         Reflect  .     (gloves unavailable)
SustAt .         Harm     .     (boots unavailable)
MR     +++..                    k - amulet of magic regeneration
Stlth  +++++++++.               f - +4 ring of slaying
                                o - ring of poison resistance

@: exhausted, slowed, drained, quick, extremely resistant to hostile
enchantments, incredibly stealthy
A: unfitting armour, repulsion field 1, thin skeletal structure 1, see
invisible, herbivore 3, speed 3, robust 1, slow metabolism 2
a: Channel Energy, Forget Spell, Renounce Religion


You were in a volcano.
You worshipped Sif Muna.
Sif Muna was extremely pleased with you.
You were full.

You visited 3 branches of the dungeon, and saw 16 of its levels.
You also visited: Ice Cave and Volcano.

You collected 1176 gold pieces.

Inventory:

Hand Weapons
 a - a +7 vampiric dagger (weapon)
 P - a +2 dagger of venom
 X - a cursed +0 dagger
Armour
 b - a +1 robe (worn)
 e - a +2 cloak of magic resistance (worn)
 O - a +0 buckler (worn)
Magical Staves
 K - an uncursed staff of summoning
Jewellery
 f - a +4 ring of slaying (right hand)
 k - an amulet of magic regeneration (around neck)
 m - a +2 ring of intelligence
 o - a ring of poison resistance (left hand)
 q - an uncursed ring of magical power
 r - an uncursed amulet of regeneration
 x - a +4 ring of evasion
 y - an uncursed ring of positive energy
 R - a +4 ring of strength
Wands
 h - a wand of paralysis (8/24)
 n - a wand of slowing (23/48)
 w - a wand of teleportation (4/9)
 A - a wand of hasting (8/9)
 D - a wand of flame (15/48)
 F - a wand of iceblast (0/15)
 N - a wand of flame (1/48)
 Q - a wand of paralysis (15/24)
 S - a wand of slowing (18/48)
 T - a wand of paralysis (4/24)
 U - a wand of heal wounds (7/9)
 V - a wand of disintegration (7/24)
Scrolls
 j - 14 scrolls of identify
 p - a scroll of recharging
 s - 4 scrolls of blinking
 u - 3 scrolls of fog
 G - 5 scrolls of remove curse
 I - 2 scrolls of fear
 J - 4 scrolls of teleportation
 W - 3 scrolls of amnesia
Potions
 i - a potion of brilliance
 v - 2 potions of cure mutation
 B - a potion of agility
 E - 4 potions of curing
 H - a potion of might
Books
 c - a book of Maledictions

   Spells                             Type                      Level
   a - Corona                         Hexes                        1
   b - Ensorcelled Hibernation        Hexes/Ice                    2
   c - Confuse                        Hexes                        3
   d - Tukima's Dance                 Hexes                        3
   e - Dazzling Spray                 Conjuration/Hexes            3
 g - a book of Conjurations

   Spells                             Type                      Level
   a - Magic Dart                     Conjuration                  1
   b - Searing Ray                    Conjuration                  2
   c - Dazzling Spray                 Conjuration/Hexes            3
   d - Fulminant Prism                Conjuration/Hexes            4
   e - Iskenderun's Mystic Blast      Conjuration                  4
   f - Iskenderun's Battlesphere      Conjuration/Charms           5
 z - a book of Annihilations

   Spells                             Type                      Level
   a - Poison Arrow                   Conjuration/Poison           6
   b - Chain Lightning                Conjuration/Air              8
   c - Lehudib's Crystal Spear        Conjuration/Earth            8
   d - Glaciate                       Conjuration/Ice              9
   e - Fire Storm                     Conjuration/Fire             9
 C - a book of Callings

   Spells                             Type                      Level
   a - Summon Small Mammal            Summoning                    1
   b - Call Imp                       Summoning                    2
   c - Call Canine Familiar           Summoning                    3
   d - Summon Guardian Golem          Hexes/Summoning              3
   e - Summon Lightning Spire         Summoning/Air                4
   f - Summon Ice Beast               Ice/Summoning                4
 M - a book of the Tempests

   Spells                             Type                      Level
   a - Static Discharge               Conjuration/Air              3
   b - Lightning Bolt                 Conjuration/Air              5
   c - Fireball                       Conjuration/Fire             5
   d - Tornado                        Air                          9
   e - Shatter                        Earth                        9
Comestibles
 d - 7 bread rations
 l - 12 fruits


   Skills:
 + Level 3.3(2.7) Fighting
 + Level 5.2(4.6) Short Blades
 + Level 0.4(0.0) Throwing
 + Level 8.3(7.7) Dodging
 + Level 18.8(18.0) Stealth
 + Level 2.2(1.6) Shields
 + Level 12.6(11.9) Spellcasting
 + Level 2.1(1.6) Conjurations
 + Level 12.3(11.6) Hexes
 + Level 0.4(0.0) Summonings
 + Level 5.8(5.2) Ice Magic
 + Level 4.0(3.4) Evocations


You had 18 spell levels left.
You knew the following spells:

 Your Spells              Type           Power        Failure   Level  Hunger
a - Fulminant Prism       Conj/Hex       #####.....   6%          4    None
b - Ensorcelled Hibernat  Hex/Ice        #####.       1%          2    None
c - Confuse               Hex            ######..     1%          3    None
d - Tukima's Dance        Hex            ######..     1%          3    None
e - Dazzling Spray        Conj/Hex       #####...     1%          3    None
f - Summon Ice Beast      Ice/Summ       ###.....     28%         4    None


Dungeon Overview and Level Annotations

Branches:
Dungeon (11/15)            Temple (1/1) D:7            Lair (4/8) D:9
  Swamp (0/4) Lair:4        Snake (0/4) Lair:3          Orc (0/2) D:11

Altars:
Ashenzari
Cheibriados
Dithmenos
Elyvilon
Fedhas
Gozag
Kikubaaqudgha
Makhleb
Nemelex Xobeh
Okawaru
Pakellas
Qazlal
Ru
Sif Muna
Trog
Vehumet
Xom
Yredelemnul
Zin
The Shining One

Shops:
D:4 !

Annotations:
Lair:1 Lovchig's ghost, novice DDFi


Innate Abilities, Weirdness & Mutations

You are tiny and cannot use many weapons and most armour.
You have supernaturally acute eyesight.
You are a herbivore.
You cover ground extremely quickly.
You need consume almost no food.
You are surrounded by a mild repulsion field (EV +2).
You have a somewhat thin skeletal structure (Dex +2, Stealth).
You are robust (+10% HP).


Message History

You are no longer berserk.
You are exhausted.
You feel yourself slow down.
You are feeling very hungry.
There is a rocky tunnel leading out of this place here.
Eat which item? (? for menu, Esc to quit)
You continue eating. x2
You finish eating.
That bread ration really hit the spot!
You start resting.
The air gets thick with the scent of sulphur.
You block the deep elf mage's attack.
Casting: Confuse
Confirm with . or Enter, or press ? or * to list all spells.
Aiming: Tukima's Dance
Press: ? - help, Shift-Dir - straight line, f - deep elf mage
Aim: a deep elf mage, wielding a short sword of flaming and wearing a ring mail of fire resistance (moderately wounded, chance to defeat MR: 72%)
The short sword of flaming dances into the air!
The deep elf mage casts a spell at you. The bolt of negative energy hits you!
You feel drained.
You die...

≈≈§≈§§≈.# .≈≈≈≈≈
≈§≈≈§§..## #...≈≈≈
#§§§§§..s####..≈≈≈≈≈
≈#§§≈≈≈.........≈≈≈≈
#≈≈≈≈≈≈^........≈≈≈≈
≈≈§§≈≈§#####.^#≈≈≈≈
#§§≈§§§ ##...## ≈≈
§#§§§≈§ #e####
§§≈≈≈§ ##@∩# §§≈≈§≈
####


You could see a deep elf mage.

Vanquished Creatures
  The ghost of Zebura the Bludgeoner, a journeyman OgBe of Trog (D:9)
  A centaur warrior (D:9)
  3 hill giants (D:11)
  An oklob plant (D:6)
  2 centaur zombies (D:10)
  Maurice (D:10)
  3 black mambas
  The ghost of Bubs the Shield-Bearer, a novice FoFi (D:4)
  4 spiny frogs
  2 komodo dragons
  A polar bear (Lair:4)
  4 giant leeches (Lair:4)
  A two-headed ogre (D:8)
  The ghost of dorian the Chiller, an amateur MfIE (D:5)
  Grinder (D:3)
  2 blink frogs (Lair:3)
  A spriggan (Lair:4)
  A wyvern (D:11)
  39 yaks
  5 hippogriffs
  A basilisk (Lair:2)
  4 hungry ghosts
  3 nagas (Lair:3)
  Edmund (D:3)
  A soldier ant (D:11)
  3 porcupines
  6 water moccasins
  3 hell hounds
  6 orc warriors
  4 ice beasts
  6 sky beasts
  2 ogres
  A black bear (Lair:4)
  6 wolves
  11 centaurs
  5 crocodiles
  4 big kobolds
  17 giant frogs
  A wyvern zombie (D:8)
  A gnoll sergeant (D:8)
  2 scorpions
  A troll zombie (D:11)
  A water moccasin skeleton (D:10)
  6 killer bees (D:9)
  4 wights (D:8)
  7 howler monkeys
  2 electric eels
  4 crimson imps
  A giant frog zombie (D:11)
  2 centaur skeletons
  8 orc priests
  15 jellies
  5 iguanas
  13 orc wizards
  7 worker ants
  2 hell rats (D:7)
  5 ogre zombies (D:11)
  A hound zombie (D:7)
  2 hound skeletons (D:7)
  A worker ant zombie (D:6)
  10 gnolls
  A howler monkey skeleton (D:10)
  13 adders
  17 river rats
  3 shadow imps
  12 white imps (Lair:3)
  11 oozes
  An adder skeleton (D:5)
  An adder zombie (D:8)
  A worm (D:2)
  2 dart slugs
  5 giant geckos
  48 orcs
  2 ball pythons
  3 bats
  6 giant cockroaches
  12 goblins
  13 hobgoblins
  16 jackals
  31 kobolds
  6 quokkas
  A giant gecko skeleton (D:6)
  3 giant newts
  2 goblin skeletons (D:11)
  3 hobgoblin zombies (D:11)
  A jackal skeleton (D:5)
  5 orc skeletons (D:11)
  7 orc zombies (D:11)
  2 quokka skeletons
  26 rats
  A fungus (D:6)
515 creatures vanquished.

Vanquished Creatures (collateral kills)
  A catoblepas (Lair:4)
  A deep elf mage (Volcano)
  2 orc warriors
  An ogre (D:8)
  An orc wizard (D:11)
  A gnoll (D:8)
  An orc (D:7)
  A goblin zombie (D:11)
  2 kobolds
11 creatures vanquished.

Vanquished Creatures (others)
  7 dancing weapons
  5 fulminant prisms
  A fungus (D:6)
13 creatures vanquished.

Grand Total: 539 creatures vanquished

Notes
Turn   | Place    | Note
--------------------------------------------------------------
     0 | D:1      | dvd the Spriggan Enchanter began the quest for the Orb.
     0 | D:1      | Reached XP level 1. HP: 9/9 MP: 5/5
   264 | D:1      | Reached XP level 2. HP: 7/13 MP: 2/6
   296 | D:1      | Learned a level 2 spell: Ensorcelled Hibernation
   703 | D:1      | Reached skill level 5 in Stealth
  1103 | D:2      | Reached XP level 3. HP: 16/16 MP: 5/8
  1428 | D:1      | Learned a level 3 spell: Confuse
  1490 | D:2      | Reached XP level 4. HP: 19/21 MP: 5/10
  1610 | D:2      | Reached skill level 6 in Stealth
  1656 | D:2      | Reached skill level 1 in Ice Magic
  1821 | D:3      | Found a sparkling altar of Nemelex Xobeh.
  1869 | D:3      | Reached XP level 5. HP: 19/24 MP: 3/12
  2267 | D:3      | Noticed Grinder
  2348 | D:3      | Killed Grinder
  2348 | D:3      | Reached skill level 8 in Stealth
  2348 | D:3      | Reached XP level 6. HP: 28/28 MP: 11/13
  2353 | D:3      | Learned a level 3 spell: Tukima's Dance
  2357 | D:3      | Learned a level 3 spell: Dazzling Spray
  2754 | D:4      | Noticed Bubs's ghost (novice FoFi)
  2757 | D:4      | Noticed Edmund
  2965 | D:3      | Killed Edmund
  3221 | D:4      | Reached skill level 9 in Stealth
  3221 | D:4      | Reached XP level 7. HP: 32/32 MP: 10/15
  3568 | D:3      | Reached skill level 5 in Spellcasting
  4027 | D:3      | Reached skill level 5 in Hexes
  4898 | D:4      | Killed Bubs's ghost
  5148 | D:4      | Found Oxtet's Distillery.
  5163 | D:4      | Reached XP level 8. HP: 37/37 MP: 15/18
  5348 | D:4      | Found a blossoming altar of Fedhas.
  5372 | D:4      | Reached skill level 10 in Stealth
  5653 | D:5      | Entered Level 5 of the Dungeon
  5717 | D:5      | Noticed dorian's ghost (amateur MfIE)
  6110 | D:5      | Killed dorian's ghost
  6110 | D:5      | Reached skill level 1 in Fighting
  6110 | D:5      | Reached skill level 11 in Stealth
  6815 | D:6      | Reached XP level 9. HP: 41/41 MP: 20/20
  6871 | D:6      | Reached skill level 12 in Stealth
  7129 | D:6      | Noticed an oklob plant
  7944 | D:7      | Reached skill level 13 in Stealth
  7948 | D:7      | Found a staircase to the Ecumenical Temple.
  7958 | Temple   | Entered the Ecumenical Temple
  8023 | Temple   | Became a worshipper of Sif Muna the Loreminder
  8368 | D:8      | Reached skill level 5 in Dodging
  9009 | D:8      | Found a burning altar of Makhleb.
  9010 | D:8      | Found a radiant altar of Vehumet.
  9013 | D:8      | Reached * piety under Sif Muna
  9353 | D:8      | Reached XP level 10. HP: 46/46 MP: 1/23
 10077 | D:9      | Noticed a centaur warrior
 10178 | D:9      | Killed a centaur warrior
 10178 | D:9      | Reached skill level 14 in Stealth
 10198 | D:9      | Identified a scroll of acquirement
 10589 | D:9      | Noticed Zebura's ghost (journeyman OgBe)
 10760 | D:9      | Killed Zebura's ghost
 10760 | D:9      | Reached ** piety under Sif Muna
 10760 | D:9      | Reached skill level 15 in Stealth
 10760 | D:9      | Reached skill level 10 in Spellcasting
 10760 | D:9      | Reached skill level 1 in Evocations
 10794 | D:9      | Found a staircase to the Lair.
 11023 | D:10     | Entered Level 10 of the Dungeon
 11156 | D:10     | Reached XP level 11. HP: 50/50 MP: 16/26
 11230 | D:10     | Noticed Maurice
 11239 | D:10     | Killed Maurice
 11616 | D:10     | Gained mutation: You are robust (+10% HP). [potion of mutation]
 11616 | D:10     | Gained mutation: You are surrounded by a mild repulsion field (EV +2). [potion of mutation]
 11616 | D:10     | Gained mutation: You have a somewhat thin skeletal structure (Dex +2, Stealth). [potion of mutation]
 11623 | D:10     | Reached *** piety under Sif Muna
 11623 | D:10     | Reached skill level 10 in Hexes
 11623 | D:10     | Reached XP level 12. HP: 61/61 MP: 27/27
 11822 | D:11     | Reached skill level 16 in Stealth
 11922 | D:11     | Reached skill level 5 in Ice Magic
 12135 | D:11     | Reached **** piety under Sif Muna
 12362 | D:11     | Learned a level 4 spell: Fulminant Prism
 12367 | D:11     | Learned a level 4 spell: Summon Ice Beast
 12525 | D:11     | Found a staircase to the Orcish Mines.
 13615 | Lair:1   | Entered Level 1 of the Lair of Beasts
 13811 | Lair:1   | Noticed Lovchig's ghost (novice DDFi)
 13854 | Lair:1   | Reached skill level 17 in Stealth
 13997 | Lair:1   | Reached ***** piety under Sif Muna
 14850 | Lair:2   | Reached XP level 13. HP: 66/66 MP: 17/30
 15569 | Lair:3   | Found a staircase to the Snake Pit.
 15579 | Lair:3   | Reached skill level 18 in Stealth
 15624 | Lair:3   | Found a frozen archway.
 15705 | IceCv    | Entered an ice cave
 16743 | Lair:4   | Reached skill level 5 in Short Blades
 16840 | Lair:4   | Found a staircase to the Swamp.
 17338 | Lair:4   | Found a dark tunnel.
 17349 | Volcano  | Entered a volcano
 17426 | Volcano  | Killed from afar by a deep elf mage

Skill      XL: |  1  2  3  4  5  6  7  8  9 10 11 12 13 |
---------------+----------------------------------------+-----
Spellcasting   | 3 4 6 7 8 10 12 | 12.6
Stealth        | 5 6 8 9 11 13 15 17 18 | 18.8
Hexes          | 4 5 7 8 9 10 11 12 | 12.3
Ice Magic      | 1 2 3 4 5 |  5.8
Dodging        | 4 5 7 8 |  8.3
Fighting       | 1 3 |  3.3
Short Blades   | 2 4 5 |  5.2
Evocations     | 1 3 4 |  4.0
Shields        | 2 |  2.2
Conjurations   | 2 |  2.1
Throwing       | |  0.4
Summonings     | |  0.4

Action                   |  1- 3 |  4- 6 |  7- 9 | 10-12 | 13-15 || total
-------------------------+-------+-------+-------+-------+-------++-------
Melee: Dagger            |    66 |    86 |   294 |   322 |   138 ||   906
Throw: Stone             |       |       |     6 |       |       ||     6
 Cast: Corona            |     6 |       |       |       |       ||     6
       Ensorcelled Hiber |    26 |    51 |   121 |   137 |    47 ||   382
       Confuse           |       |    11 |    37 |    58 |    22 ||   128
       Dazzling Spray    |       |       |     8 |    12 |     3 ||    23
       Tukima's Dance    |       |       |    18 |    16 |     4 ||    38
       Summon Ice Beast  |       |       |       |     2 |     4 ||     6
       Fulminant Prism   |       |       |       |     2 |     3 ||     5
Evoke: Wand              |       |       |     1 |    12 |     1 ||    14
  Use: Scroll            |       |     9 |     4 |    18 |     1 ||    32
       Potion            |       |       |       |    10 |     6 ||    16
 Stab: Sleeping          |    31 |    41 |   114 |   141 |    44 ||   371
       Confused          |       |     8 |    20 |    21 |    13 ||    62
       Invisible         |       |       |     2 |     1 |     1 ||     4
       Distracted        |       |       |       |     3 |       ||     3
  Eat: Pizza             |       |     1 |     2 |     1 |       ||     4
       Bread ration      |       |     1 |       |     2 |     1 ||     4
Armor: Robe              |     4 |     5 |    17 |     6 |     6 ||    38
Dodge: Dodged            |    27 |    60 |   154 |   144 |    74 ||   459
Block: Buckler           |       |       |       |    37 |    21 ||    58
